[Event "Live Chess"]
[Site "Chess.com"]
[Date "2024.06.01"]
[Round "-"]
[White "Dhaydon19"]
[Black "CheckThis4"]
[Result "1/2-1/2"]
[WhiteElo "2709"]
[BlackElo "2692"]
[TimeControl "300"]
[EndTime "9:22:07 PDT"]
[Termination "Game drawn by agreement"]

1. d4 e6 2. Nf3 f5 3. g3 Nf6 4.
Bg2 Be7 5. c4 O-O 6. O-O d6 7. Nc3 Ne4 8. Qc2 Nxc3 9. Qxc3 a5 10. b3 Nc6 11. Bb2 Bf6 12. Qd2 Qe8 13. d5 exd5 14.
Bxf6 Rxf6 15. cxd5 Ne5 16. Nd4 Bd7 17. Rac1 c5 18.
dxc6 bxc6 19. Rfd1 Rc8 20. Qxa5 f4 21. Nf3 fxg3 22. hxg3 Ng4 23. Rd2 d5 24. Qc5 Qh5 1/2-1/2

[Event "Live Chess"]
[Site "Chess.com"]
[Date "2024.06.01"]
[Round "-"]
[White "Cruiseylee78"]
[Black "Tatarinov_Maxim"]
[Result "0-1"]
[WhiteElo "1661"]
[BlackElo "2275"]
[TimeControl "300"]
[EndTime "9:22:11 PDT"]
[Termination "Tatarinov_Maxim won by resignation"]

1. d4 Nf6 2. Bf4 g6 3. e3 Bg7 4. Bd3 O-O 5. Nf3 d6 6. c3 b6 7. Nbd2 Bb7 8. Qc2 c5 9. h4 Nc6 10. Rg1 Rc8 11. g4 cxd4 12. exd4 Nb4 13. Qb1 Nxd3+ 14.
Qxd3 Nd5 15. Bg5 h6 16. Be3 e5 17. O-O-O Nxe3 18. fxe3 Re8 19. e4 exd4 20. Nxd4 Qxh4 21. Rh1 Qe7 22. Rdg1 Bxe4 23. Nxe4 Qxe4 24. Qh3 0-1

[Event "Live Chess"]
[Site "Chess.com"]
[Date "2024.06.01"]
[Round "-"]
[White "Trendle"]
[Black "ACM42"]
[Result "1-0"]
[WhiteElo "2623"]
[BlackElo "2211"]
[TimeControl "300"]
[EndTime "9:22:15 PDT"]
[Termination "Trendle won by resignation"]

1. d4 Nf6 2. c4 g6 3. Nc3 Bg7 4. Nf3 O-O 5. Bf4 d6 6. h3 b6 7. e3 Bb7 8. Bh2 a5 9. Be2 Nbd7 10.
O-O Re8 11. Rc1 e5 12. a3 Ne4 13. Nxe4 Bxe4 14. b4 f5 15. c5 axb4 16. axb4 Qe7 17.
Qb3+ d5 18. c6 Nf8 19. Nxe5 Qg5 20. f3 1-0

[Event "Live Chess"]
[Site "Chess.com"]
[Date "2024.06.01"]
[Round "-"]
[White "MovebyMove"]
[Black "ihtiandr82"]
[Result "1-0"]
[WhiteElo "2445"]
[BlackElo "1517"]
[TimeControl "300"]
[EndTime "9:22:19 PDT"]
[Termination "MovebyMove won by resignation"]

1. e4 c5 2. Nf3 Nc6 3. Nc3 e6 4. d4 cxd4 5. Nxd4 Bb4 6. Nb5 Nf6 7. a3 Bxc3+ 8. Nxc3 O-O 9. Bd3 d5 10. exd5 Nxd5 11. Bd2 Ne5 12. Be2 b6 13. O-O Bb7 14. f3 Qe7 15. Nxd5 Bxd5 16. Bc3 Ng6 17. Qd4 f6 18.
Rfe1 Rac8 19. Rad1 Rfd8 20. Qe3 e5 21. Ba6 Rc7 22. Bb4 Qf7 23. c4 1-0

[Event "Live Chess"]
[Site "Chess.com"]
[Date "2024.06.01"]
[Round "-"]
[White "Queensandpawns"]
[Black "StoreySniper"]
[Result "0-1"]
[WhiteElo "2454"]
[BlackElo "2534"]
[TimeControl "300"]
[EndTime "9:22:23 PDT"]
[Termination "StoreySniper won by resignation"]

1. e4 g6 2. d4 Bg7 3. Nc3 c5 4. dxc5 Bxc3+ 5. bxc3 Nf6 6. e5 Ne4 7. Qd4 Qa5 8. Qb4 Qxc5 9. Qxc5 Nxc5 10. Nf3 Nc6 11.
Bc4 b6 12. O-O Ba6 13. Bxa6 Nxa6 14. Bf4 Rc8 15. Rfd1 Na5 16. Rd3 Nc5 17. Rd5 Ne6 18. Bd2 Nc4 19. Be1 Nf4 20. Rdd1 Rc7 21. g3 Ne6 22. Rd5 Rc5 23. Rad1 Rxd5 24. Rxd5 Kd8 25. Nd4 Nxd4 26. Rxd4 Nxe5 27. c4 Nf3+ 0-1

[Event "Live Chess"]
[Site "Chess.com"]
[Date "2024.06.01"]
[Round "-"]
[White "DJ_Lambton"]
[Black "Grace6363"]
[Result "1-0"]
[WhiteElo "1740"]
[BlackElo "1123"]
[TimeControl "300"]
[EndTime "9:22:42 PDT"]
[Termination "DJ_Lambton won on time"]

1. c4 c5 2. g3 Nc6 3. Bg2 Nf6 4. Nc3 e6 5. e3 d5 6. cxd5 exd5 7. Nge2 Qc7 8. d4 Be6 9. O-O c4 10. b3 b5 11. Bb2 a6 12. Nf4 Rd8 13. Nxe6 fxe6 14. Re1 Be7 15. e4 dxe4 16. Nxe4 O-O 17. Nxf6+ Bxf6 18. Rxe6 Bxd4 19. Bxd4 Rxd4 20. Qe2 Rd6 21. Bxc6 Rxc6 22. Re7 Qd6 23. Re1 Qf6 24. Re8 Rc8 25.
Qe6+ Qxe6 26. R8xe6 c3 27. Rc1 c2 28. Re2 Rfe8 29.
Rcxc2 Rxe2 30. Rxe2 Rc1+ 31. Kg2 Ra1 32. h4 a5 33. Kf3 a4 34. Rb2 axb3 35. Rxb3 Rxa2 36.
Rxb5 Ra3+ 37. Kg4 h6 38. Rb7 Ra5 39. f4 Kh7 40. f5 h5+ 41. Kg5 Rd5 42. Kf4 Kh6 43.
Rb6+ Kh7 44. Re6 Rc5 45. Re5 Rc6 46. Kg5 Kg8 47. Kxh5 Rh6+ 48. Kg5 Rf6 49. g4 Kf7 50. Re6 Rxe6 51. fxe6+ Ke7 52. Kg6 Kxe6 53. Kxg7 Ke7 54. h5 Ke6 55. h6 Ke5 56. h7 Ke4 57. h8=Q Kf3 58. Qf8+ 1-0

[Event "Live Chess"]
[Site "Chess.com"]
[Date "2024.06.01"]
[Round "-"]
[White "Tilbs_12"]
[Black "MellowAesthetic"]
[Result "0-1"]
[WhiteElo "1661"]
[BlackElo "2070"]
[TimeControl "300"]
[EndTime "9:22:45 PDT"]
[Termination "MellowAesthetic won by resignation"]

1. d4 Nf6 2. Nc3 d5 3. Bf4 c5 4. e3 a6 5. Nf3 Nc6 6. Be2 Bf5 7. O-O e6 8. Ne5 Bd6 9. Bg4 Bxe5 10. Bxf5 Bxf4 11.
exf4 exf5 12. Re1+ Ne7 13. dxc5 O-O 14. Qf3 Ne4 15.
Rad1 Qa5 16. Nxd5 Nxd5 0-1

[Event "Live Chess"]
[Site "Chess.com"]
[Date "2024.06.01"]
[Round "-"]
[White "Bob2pen"]
[Black "defenderalist"]
[Result "0-1"]
[WhiteElo "1844"]
[BlackElo "1497"]
[TimeControl "300"]
[EndTime "9:22:57 PDT"]
[Termination "defenderalist won by resignation"]

1. e4 c5 2. Nf3 d6 3. Bb5+ Nc6 4. c3 a6 5. Ba4 b5 6. Bc2 Bb7 7. O-O e6 8. d4 cxd4 9. cxd4 Be7 10. Re1 Nf6 11.
a3 O-O 12. Nc3 Na5 13. Qd3 g6 14. Bh6 Re8 15. d5 e5 16. Rab1 Nc4 17. Bb3 Rc8 18. Nd2 Nxd2 19. Qxd2 Bf8 20. Bxf8 Rxf8 21. Rbc1 Ne8 22.
Qe3 f5 23. f3 fxe4 24. Nxe4 Qh4 25. Qf2 Qf4 26. Qg3 Rxc1 27. Qxf4 Rxe1+ 28. Kf2 Rxf4 0-1

[Event "Live Chess"]
[Site "Chess.com"]
[Date "2024.06.01"]
[Round "-"]
[White "Grieve72"]
[Black "NAZRIZ1977"]
[Result "1-0"]
[WhiteElo "2651"]
[BlackElo "2127"]
[TimeControl "300"]
[EndTime "9:23:21 PDT"]
[Termination "Grieve72 won by resignation"]

1. e4 c5 2. Nf3 d6 3. Nc3 Nf6 4. e5 dxe5 5. Nxe5 a6 6. Be2 Nbd7 7.
Nxd7 Bxd7 8. O-O Qc7 9. d3 g6 10. Bg5 Bc6 11. Bf3 Bg7 12. Re1 e6 13. a4 b6 14. Rb1 O-O 15. b4 cxb4 16. Ne4 Nxe4 17. Bxe4 a5 18. h4 Rac8 19. Re2 Bxe4 20. dxe4 f6 21.
Be3 Rfd8 22. Qc1 Qc4 23. Qe1 b5 24. axb5 Qxb5 25. f3 a4 26. Rxb4 Qa6 27. c3 f5 28. Bd4 Bxd4+ 29. cxd4 a3 30. Ra2 Rc3 31. Qxc3 1-0

[Event "Live Chess"]
[Site "Chess.com"]
[Date "2024.06.01"]
[Round "-"]
[White "Mangoalo"]
[Black "Berdgross"]
[Result "1/2-1/2"]
[WhiteElo "989"]
[BlackElo "579"]
[TimeControl "300"]
[EndTime "9:23:28 PDT"]
[Termination "Game drawn - insufficient material"]

1. e4 d5 2. exd5 Qxd5 3. Nc3 Qd8 4. Bc4 Nc6 5. Nf3 Nf6 6. O-O h6 7. h3 a6 8. a3 b5 9. Ba2 Bb7 10. d4 e6 11. Ne5 Nxe5 12. dxe5 Qxd1 13. Rxd1 Ne4 14.
Nxe4 Bxe4 15. c3 Bc5 16. Be3 Bxe3 17. fxe3 O-O 18. Bb1 Bxb1 19. Raxb1 Rfd8 20. Rd4 Rxd4 21. exd4 Kh7 22. Ra1 a5 23. g4 g5 24. Kf2 Kg6 25. Ke3 h5 26. gxh5+ Kxh5 27. Kf3 Rc8 28. b4 axb4 29.
axb4 c6 30. Ra7 Kg6 31. Kg4 f6 32. exf6 Kxf6 33. Rg7 Kxg7 34. h4 gxh4 35. Kxh4 Rh8+ 36. Kg5 Rh6 37. Kf4 Kf6 38. Ke4 Rh5 39. Kd3 e5 40.
dxe5+ Kxe5 41. c4 bxc4+ 42. Kxc4 Ke4 43. Kb3 Kd3 44. Ka4 Rb5 45. Kb3 Kd4 46. Ka4 Rd5 47. Kb3 Kd3 48. Ka4 Rd4 49. Ka5 Kc3 50. b5 cxb5 51.
Kxb5 Rd5+ 52. Kc6 Rd4 53. Kc5 Kb3 54. Kxd4 1/2-1/2

[Event "Live Chess"]
[Site "Chess.com"]
[Date "2024.06.01"]
[Round "-"]
[White "nigelst"]
[Black "gunslinger222"]
[Result "0-1"]
[WhiteElo "1762"]
[BlackElo "2272"]
[TimeControl "300"]
[EndTime "9:23:33 PDT"]
[Termination "gunslinger222 won by resignation"]

1. e4 e6 2. d4 d5 3. exd5 exd5 4. Nf3 Nc6 5. Bb5 Bd6 6. O-O Ne7 7. c4 dxc4 8. Bxc4 O-O 9. Bg5 Bg4 10. h3 Bxf3 11.
Qxf3 Nxd4 12. Qxb7 Rb8 13. Bxe7 Qxe7 14. Qd5 Nc2 15.
Nc3 Nxa1 16. Rxa1 Rxb2 17. Ne4 Qe5 18. Qxe5 Bxe5 19. Rd1 Bd6 20. Nxd6 cxd6 21. Rxd6 Rb7 22. g3 Rc7 23. Bb3 g6 24. Kg2 Kg7 25. h4 h5 26. Rd4 Re8 27. g4 hxg4 28. Rxg4 Re5 29. Rf4 Rf5 30. Rxf5 gxf5 31. Kg3 Rd7 32. Kf4 Kf6 33. Kg3 Ke5 34. h5 Kf6 35. f4 Rd3+ 36.
Kh4 Rf3 37. h6 Rxf4+ 38. Kh5 Rf1 39. Bd5 Rf2 40. Kh4 Rh2+ 0-1

[Event "Live Chess"]
[Site "Chess.com"]
[Date "2024.06.01"]
[Round "-"]
[White "SvitlanaJ"]
[Black "DoctorMantisTobogganMD"]
[Result "0-1"]
[WhiteElo "393"]
[BlackElo "2208"]
[TimeControl "300"]
[EndTime "9:23:39 PDT"]
[Termination "DoctorMantisTobogganMD won on time"]

1. e4 g6 2. d4 c6 3. Nf3 d5 4. e5 Bg4 5. Be2 e6 6. Nc3 Nd7 7. O-O Bxf3 8. Bxf3 a6 9. h3 c5 10. a3 cxd4 11. Qxd4 Bc5 12. Qf4 Ne7 13. Qh6 Nf5 14. Qd2 Nxe5 15. Na4 Ba7 16. Bg4 Rc8 17. Bxf5 gxf5 18.
Qh6 Rc4 19. Bg5 Qd7 20. Bf6 Rxa4 21. Bxh8 Ng6 22. Qxh7 Rh4 23. Qg8+ Ke7 24. Qa8 Bxf2+ 25. Rxf2 Rxh8 26. Qa7 Rc8 27. Qe3 Kf8 28. Raf1 Qc6 29. Qh6+ Ke7 30. Qg5+ Kd7 31. Qf6 Ke8 32. g4 f4 33. h4 e5 34. h5 Qxf6 35. hxg6 Qxg6 36. Rg2 Rxc2 37. Rxc2 Qxc2 38. Rf2 Qc5 0-1

[Event "Live Chess"]
[Site "Chess.com"]
[Date "2024.06.01"]
[Round "-"]
[White "Nathaniel250"]
[Black "Duke_of_Bebington"]
[Result "1-0"]
[WhiteElo "1425"]
[BlackElo "1610"]
[TimeControl "300"]
[EndTime "9:23:49 PDT"]
[Termination "Nathaniel250 won by resignation"]

1. c4 c6 2. e4 d5 3. cxd5 cxd5 4. exd5 Qxd5 5. Nc3 Qa5 6. d4 Nf6 7. Nf3 e6 8. Bd2 Qb6 9. Bb5+ Bd7 10. Qb3 Bxb5 11. Qxb5+ Qxb5 12. Nxb5 Na6 13. Rc1 Kd7 14. O-O Bd6 15. Ne5+ Bxe5 16. dxe5 Ne4 17. Be3 Rac8 18. Nxa7 Rxc1 19. Rxc1 Nb4 20. a3 Nd3 21. Rd1 1-0

[Event "Live Chess"]
[Site "Chess.com"]
[Date "2024.06.01"]
[Round "-"]
[White "Delacorta"]
[Black "ggosyaa"]
[Result "1-0"]
[WhiteElo "1400"]
[BlackElo "580"]
[TimeControl "300"]
[EndTime "9:23:51 PDT"]
[Termination "Delacorta won by resignation"]

1. d4 Nf6 2. Nf3 d5 3. e3 g6 4. Bd3 Bg7 5. c4 O-O 6. Nc3 c6 7. h4 Ne4 8. Nxe4 dxe4 9. Bxe4 Qa5+ 10. Bd2 Qa6 11. b3 b5 12. Bd3 Be6 13. cxb5 cxb5 14.
Qe2 Bd7 15. O-O Bc6 16. Bb4 Nd7 17. Rac1 Rac8 18. Bxe7 Rfe8 19. Bd6 Qb7 20. b4 Bd5 21. a3 Rxc1 22. Rxc1 Nf6 23. Bxb5 Rd8 24. Be5 Ne4 25. Bd3 f6 26. Bh2 Nc3 27. Rxc3 Re8 28. Rc7 Qb8 29.
Rxg7+ Kxg7 30. Bxb8 Rxb8 31. Bc4 Bxf3 32. Qxf3 Re8 33.
Qc6 Re7 1-0

[Event "Live Chess"]
[Site "Chess.com"]
[Date "2024.06.01"]
[Round "-"]
[White "13Alexey"]
[Black "Dhaydon19"]
[Result "0-1"]
[WhiteElo "739"]
[BlackElo "2709"]
[TimeControl "300"]
[EndTime "9:23:51 PDT"]
[Termination "Dhaydon19 won by resignation"]

1. d4 c6 2. Bf4 d5 3. e3 Nf6 4.
Bd3 g6 5. Nc3 Bg7 6. Qd2 O-O 7.
f3 Nbd7 8. g4 Re8 9. O-O-O e5 10. dxe5 Nxe5 11. h4 h5 12. gxh5 Nxh5 13. Bxe5 Rxe5 14. f4 Re8 15. Nf3 Bg4 16. Rdf1 Ng3 17. Rhg1 Nxf1 18. Rxf1 Bxf3 19. Rxf3 Qxh4 0-1

[Event "Live Chess"]
[Site "Chess.com"]
[Date "2024.06.01"]
[Round "-"]
[White "nitrofish07"]
[Black "DoggyDalmatian"]
[Result "1/2-1/2"]
[WhiteElo "2116"]
[BlackElo "1544"]
[TimeControl "300"]
[EndTime "9:24:01 PDT"]
[Termination "Game drawn by repetition"]

1. e4 e5 2. Nf3 Nc6 3. Bb5 Nf6 4. O-O Nxe4 5. d4 Nd6 6. dxe5 Nxb5 7. a4 Nbd4 8. Nxd4 Bc5 9. Nxc6 bxc6 10. Nc3 O-O 11. Qf3 Qe7 12. Qg3 d6 13. Bh6 f6 14. exf6 Qxf6 15.
Bg5 Qg6 16. Bf4 Qxg3 17. Bxg3 Bf5 18. Rac1 Rab8 19. b3 Bb4 20. Ne2 Rfe8 21. Nd4 Bg6 22. Nxc6 Rb6 23. Nxb4 Rxb4 24. f3 Re2 25. Rf2 Re6 26.
Rd2 Rb8 27. Bf2 Ra8 28. Re1 Rxe1+ 29. Bxe1 Re8 30. Kf2 a6 31. Rd5 Bxc2 32. Ra5 Bd3 33. Bc3 Re2+ 34. Kg3 g6 35. h4 h5 36. Rd5 Bf5 37. Ba5 Rc2 38. b4 Kf7 39. b5 axb5 40.
Rxb5 Ra2 41. Bxc7 Rxa4 42. Bxd6 Ke6 43. Bf4 Ra6 44. Re5+ Kf7 45. Bg5 Re6 46. Rc5 Ke8 47. Kf4 Kd7 48. Rc1 Ra6 49. Rc4 Ke6 50. Rc7 Ra4+ 51.
Kg3 Kd6 52. Rc1 Ke5 53. Re1+ Kd5 54. Bf4 Ra2 55. Rd1+ Ke6 56. Bg5 Ke5 57. Re1+ Kd5 58.
Rd1+ Ke6 59. Rc1 Kd5 60. Rc7 Kd6 61. Rb7 Kc6 62. Re7 Kd6 63. Re3 Ra4 64. Kf2 Ra2+ 65. Kg3 Ra5 66. Rc3 Ke6 67. Rb3 Ra2 68. Rb6+ Kd5 69.
Rb4 Kc5 70. Rf4 Kd5 71. Rb4 Kc5 72. Be7+ Kd5 73. Bg5 1/2-1/2

[Event "Live Chess"]
[Site "Chess.com"]
[Date "2024.06.01"]
[Round "-"]
[White "Ferrarifan27"]
[Black "f4nomore"]
[Result "1-0"]
[WhiteElo "2077"]
[BlackElo "1197"]
[TimeControl "300"]
[EndTime "9:24:01 PDT"]
[Termination "Ferrarifan27 won by resignation"]

1. e4 g6 2. d4 Bg7 3. Nf3 d6 4. Nc3 Nd7 5. Bc4 e6 6. O-O Ne7 7. Bg5 O-O 8. Qd2 d5 9. exd5 exd5 10. Nxd5 f6 11. Nxe7+ Kh8 12. Nxc8 fxg5 13. Nxg5 Qxc8 14.
Nf7+ Rxf7 15. Bxf7 Nf6 16. Rfe1 Qf5 17. Be6 Qb5 18.
c4 Qb6 19. Rad1 Re8 20. d5 h5 21. Bf7 Rxe1+ 22. Rxe1 Kh7 23. Qc2 Ng4 24. Re6 Qxf2+ 25.
Qxf2 Nxf2 26. Kxf2 Bxb2 27. Bxg6+ Kg7 28. Bxh5 Bd4+ 29. Kf3 a6 30. Ke4 Bc5 31. Bd1 Bd6 32. Rxd6 cxd6 33. Kf5 b6 34. Ke6 1-0

[Event "Live Chess"]
[Site "Chess.com"]
[Date "2024.06.01"]
[Round "-"]
[White "Enhard"]
[Black "booktrunk"]
[Result "1-0"]
[WhiteElo "1441"]
[BlackElo "1364"]
[TimeControl "300"]
[EndTime "9:24:14 PDT"]
[Termination "Enhard won by resignation"]

1. d4 e6 2. Bf4 Nc6 3. e3 b6 4.
Nf3 Bb7 5. h3 h6 6. c3 Nf6 7. Be2 Nh5 8. Bh2 Nf6 9. Nbd2 a5 10.
a4 d5 11. O-O Bd6 12. Bxd6 Qxd6 13. Re1 Ne7 14. Ne5 Nd7 15. Nxd7 Qxd7 16. Bf3 Ng6 17. e4 dxe4 18. Bxe4 Bxe4 19. Nxe4 O-O 20. Ng3 Rad8 21.
Qg4 Qe7 22. Nh5 Qg5 23. Qxg5 hxg5 24. Ng3 Rfe8 25. Ne4 f6 26. Ng3 Kf7 27. Re2 Nf4 28. Re3 Rd5 29. Rae1 c5 30. dxc5 Rxc5 31. Ne4 Rc6 32. Nd2 Rd8 33. Nb3 Rd3 34. Nd4 Rd6 35. Kh2 Rxe3 36. Rxe3 Nd5 37. Re2 Nf4 38. Re3 e5 39.
Nf5 Rd3 40. g3 Rxe3 41. Nxe3 Nd3 42. b3 Nc5 43. Kg2 Nxb3 44. Nc4 Nc5 45. Nxb6 Ke6 46. c4 Kd6 47. Kf3 Kc6 48. Nd5 Nxa4 49. Ke4 Kc5 50. Kf5 Kxc4 51. Ne3+ Kd3 52. Kg6 Nc5 53. Kxg7 a4 54.
Nd5 Kc4 55. Nb6+ Kd4 56. Nxa4 Nxa4 57. Kxf6 Ke4 58. Kxg5 Nc5 59. h4 Ne6+ 60. Kf6 Nd4 61. h5 Nf3 62. h6 Nd2 63. h7 Kf3 64.
h8=Q Kxf2 65. Qh2+ Ke3 66. Qxd2+ Kxd2 67. Kxe5 Ke3 68.
g4 Kf3 69. g5 Kg4 70. g6 Kf3 71. g7 Ke3 72. g8=Q Kd3 73. Qg4 Ke3 74. Qg3+ 1-0

[Event "Live Chess"]
[Site "Chess.com"]
[Date "2024.06.01"]
[Round "-"]
[White "MaximKhimchenko"]
[Black "raimundklein"]
[Result "1-0"]
[WhiteElo "1764"]
[BlackElo "1619"]
[TimeControl "300"]
[EndTime "9:24:24 PDT"]
[Termination "MaximKhimchenko won by resignation"]

1. e4 c6 2. d4 d5 3. e5 Bf5 4.
h4 h5 5. Bd3 Bxd3 6. Qxd3 e6 7.
Bg5 Qa5+ 8. Nd2 Nd7 9. Nf3 Ne7 10. O-O Nf5 11. Rfd1 Be7 12. Bxe7 Kxe7 13. Nf1 g6 14. Ng3 Rag8 15. Nxf5+ gxf5 16. Ng5 b6 17. c4 Qb4 18. cxd5 cxd5 19. b3 Rc8 20. a3 Qc3 21. Qa6 Rc7 22. Kh2 Rhc8 23. b4 Nf8 24. Rab1 Qc2 25. f3 Ng6 26. Rbc1 Qxc1 27. Rxc1 Rxc1 28. Qxa7+ R8c7 29. Qxb6 R1c6 30. Qb8 Rc8 31. Qa7+ R8c7 32. Qa4 Nxh4 33. Nh7 Rc2 34. Nf6 R7c6 35. b5 R6c4 36. Qa7+ Rc7 37. Qb8 Nxf3+ 38. Kg3 h4+ 39. Kh3 Ng5+ 40. Kxh4 Nf3+ 41.
gxf3 Rh2+ 42. Kg3 1-0

[Event "Live Chess"]
[Site "Chess.com"]
[Date "2024.06.01"]
[Round "-"]
[White "A3ndrey9"]
[Black "elephantgerrald"]
[Result "1-0"]
[WhiteElo "1254"]
[BlackElo "714"]
[TimeControl "300"]
[EndTime "9:24:24 PDT"]
[Termination "A3ndrey9 won by checkmate"]

1. Nf3 Nc6 2. d4 d5 3. g3 Bg4 4. Bg2 Bxf3 5. Bxf3 Nf6 6. O-O e6 7. Bf4 Bd6 8. Bxd6 Qxd6 9. Nd2 O-O 10. c4 dxc4 11. Nxc4 Qxd4 12. Qxd4 Nxd4 13. Bxb7 Rab8 14. Bg2 Nxe2+ 15. Kh1 Nd4 16. Rfd1 Nc2 17. Rac1 Nb4 18. a3 Nc6 19. Bxc6 h5 20. Ne5 Rxb2 21. Rb1 Rxf2 22. Nd7 Nxd7 23. Rxd7 Kh7 24. Rxc7 f5 25. Rxa7 Rf6 26.
Bg2 Kg6 27. Rbb7 Ra2 28. Rxg7+ Kh6 29. Rh7+ Kg6 30. Rag7# 1-0

[Event "Live Chess"]
[Site "Chess.com"]
[Date "2024.06.01"]
[Round "-"]
[White "CarmelJane"]
[Black "Isambard_Thomas"]
[Result "0-1"]
[WhiteElo "2107"]
[BlackElo "2102"]
[TimeControl "300"]
[EndTime "9:24:40 PDT"]
[Termination "Isambard_Thomas won by checkmate"]

1. e4 Nc6 2. Nf3 d5 3. exd5 Qxd5 4. d4 Bg4 5. Be2 Qh5 6. Be3 Nf6 7. Nbd2 O-O-O 8. c3 e6 9. O-O Bd6 10. h3 h6 11.
hxg4 Nxg4 12. g3 Qh3 13. Ne4 Bxg3 14. Nxg3 Nce5 15. dxe5 Nxe3 16. fxe3 Qxg3+ 17. Kh1 Rxd1 18. Raxd1 Qh3+ 19. Kg1 g5 20. Rf2 Rg8 21. Rh2 Qf5 22. Rxh6 g4 23. Nd4 Qg5 24. Rh7 Qxe3+ 25. Kf1 g3 26. Bf3 Qf2# 0-1

[Event "Live Chess"]
[Site "Chess.com"]
[Date "2024.06.01"]
[Round "-"]
[White "JohanKjeldahl"]
[Black "ALEX_UA_69"]
[Result "0-1"]
[WhiteElo "1820"]
[BlackElo "1767"]
[TimeControl "300"]
[EndTime "9:24:48 PDT"]
[Termination "ALEX_UA_69 won by resignation"]

1. e4 e5 2. Nf3 Nc6 3. d4 exd4 4. c3 dxc3 5. Bc4 d6 6. Nxc3 Nf6 7. O-O Be7 8. h3 O-O 9. a3 Ne5 10. Nxe5 dxe5 11.
Be3 Qxd1 12. Raxd1 b6 13. Nd5 Nxd5 14. Bxd5 Rb8 15.
Rc1 c5 16. f4 Bf6 17. g4 Bb7 18. g5 Bxd5 19. exd5 exf4 20. gxf6 fxe3 21. fxg7 Kxg7 22.
Rc3 Rfe8 23. Re1 Rbd8 24. Rcxe3 Rxe3 25. Rxe3 Rxd5 26. Re7 Rd2 27. Rxa7 Rxb2 28. Rb7 c4 0-1

[Event "Live Chess"]
[Site "Chess.com"]
[Date "2024.06.01"]
[Round "-"]
[White "Eva3337"]
[Black "viktorskliarov"]
[Result "0-1"]
[WhiteElo "1127"]
[BlackElo "2638"]
[TimeControl "300"]
[EndTime "9:24:52 PDT"]
[Termination "viktorskliarov won by resignation"]

1. e4 c5 2. Nf3 Nc6 3. c3 Nf6 4. Bd3 d5 5. e5 Nd7 6. Qe2 e6 7. O-O Qc7 8. Re1 c4 9. Bc2 Nc5 10. b3 b5 11. Nd4 Nxd4 12. cxd4 Nd7 13. bxc4 dxc4 14. Nc3 a6 15. a4 b4 16. Nd1 Bb7 17. Rb1 Be7 18. Ne3 Rc8 19. f3 Nb6 20. Bb2 Nd5 21. Nxd5 Bxd5 22. Be4 Qc6 23. Bxd5 Qxd5 24. Rec1 O-O 25. d3 c3 26. Ba1 Qxd4+ 27. Kh1 Rfd8 28. Rb3 Qxd3 29. Qxd3 Rxd3 30. Bxc3 Rdxc3 31. Rbxc3 bxc3 0-1

[Event "Live Chess"]
[Site "Chess.com"]
[Date "2024.06.01"]
[Round "-"]
[White "Frankie_Badacsonyi"]
[Black "Bazzza132"]
[Result "1-0"]
[WhiteElo "2455"]
[BlackElo "1711"]
[TimeControl "300"]
[EndTime "9:24:56 PDT"]
[Termination "Frankie_Badacsonyi won by resignation"]

1. Nf3 Nf6 2. e3 g6 3. b3 Bg7 4. Bb2 d5 5. Be2 O-O 6. O-O c6 7. c4 Bg4 8. h3 Bxf3 9. Bxf3 e6 10. Nc3 Nbd7 11. d4 Qc7 12. Rc1 dxc4 13. bxc4 Nb6 14. Qb3 Nfd7 15. Ba3 c5 16. Nb5 Qc8 17. Nd6 Qc7 18.
dxc5 Nxc5 19. Bxc5 Qxc5 20. Nxb7 Qc7 21. c5 Nd5 22. Bxd5 exd5 23. Qxd5 Rab8 24. c6 Rbc8 25. Rfd1 Qb6 26. Rc2 Rc7 27. a4 Qb4 28. a5 Qa4 29. Rdc1 Qb4 30. Qc5 Qe4 31. Nd6 Qe6 32. Nb5 Rcc8 33.
c7 a6 34. Na7 Ra8 35. c8=Q Rfxc8 36. Nxc8 Bf8 37. Qc6 Qf6 38. Qxf6 1-0

[Event "Live Chess"]
[Site "Chess.com"]
[Date "2024.06.01"]
[Round "-"]
[White "Demyan7777"]
[Black "mrsmarple1968"]
[Result "1/2-1/2"]
[WhiteElo "1680"]
[BlackElo "1803"]
[TimeControl "300"]
[EndTime "9:25:00 PDT"]
[Termination "Game drawn by repetition"]

1. e4 e5 2. Nf3 Nc6 3. Nc3 Nf6 4.
d4 exd4 5. Nxd4 d6 6. Be2 Bd7 7. Be3 Be7 8. f4 Nxd4 9. Bxd4 Bc6 10. Bf3 O-O 11. O-O Re8 12. Re1 a6 13. Qd2 b5 14.
a3 Rb8 15. Rad1 a5 16. Qf2 b4 17. axb4 axb4 18. Nd5 Nxd5 19. exd5 Bd7 20. c4 Bf8 21. Rxe8 Qxe8 22. Re1 Qc8 23. b3 c5 24. dxc6 Bxc6 25. Bxc6 Qxc6 26. Qg3 d5 27. cxd5 Qxd5 28. Be5 Rc8 29.
h4 Qc6 30. Kh2 f6 31. Bd4 Kh8 32. Qe3 Qd5 33. Re2 Rd8 34. Bb2 Qc5 35. Qf3 h6 36. Qe4 Qh5 37. g3 Qg4 38. Rc2 Qd7 39. Qg6 Qe8 40.
Qf5 Qd7 41. Qg6 Qe8 42. Qf5 Qd7 43. Qg6 1/2-1/2

[Event "Live Chess"]
[Site "Chess.com"]
[Date "2024.06.01"]
[Round "-"]
[White "Mangoalo"]
[Black "Grieve72"]
[Result "0-1"]
[WhiteElo "989"]
[BlackElo "2651"]
[TimeControl "300"]
[EndTime "9:25:00 PDT"]
[Termination "Grieve72 won by checkmate"]

1. e4 g6 2. Nf3 Bg7 3. d4 d6 4. c4 Nf6 5. Nc3 O-O 6. Bg5 c5 7. d5 Na6 8. Bxf6 Bxf6 9. Bd3 Nc7 10. O-O a6 11. a3 Rb8 12. b4 b5 13. cxb5 Bxc3 14.
bxa6 Bxa1 15. Qxa1 Bxa6 16. bxc5 Bxd3 17. Rd1 Bxe4 18.
Nd2 Bxd5 19. cxd6 Qxd6 20. Nf3 Qf4 21. Rd4 Qf5 22. Rh4 Rb1+ 23. Qxb1 Qxb1+ 24. Ne1 Qxe1# 0-1

[Event "Live Chess"]
[Site "Chess.com"]
[Date "2024.06.01"]
[Round "-"]
[White "LL220284LL"]
[Black "Pizzaman313"]
[Result "1-0"]
[WhiteElo "2579"]
[BlackElo "1193"]
[TimeControl "300"]
[EndTime "9:25:03 PDT"]
[Termination "LL220284LL won by checkmate"]

1. b4 b5 2. Bb2 Bb7 3. e3 Nf6 4. Nf3 a6 5. a3 g6 6. Be2 Bg7 7. O-O O-O 8. d3 d6 9. Nbd2 e5 10. c4 Nbd7 11. Rc1 d5 12. cxd5 Nxd5 13. Ne4 f5 14. Nc5 Nxc5 15. Rxc5 e4 16. Nd4 Re8 17. dxe4 Rxe4 18. Bf3 Bf8 19. Rc2 Re8 20. Rd2 Bg7 21. Qa1 Bxd4 22. Rxd4 c6 23. Rfd1 Qg5 24. Rxd5 cxd5 25.
Rxd5 Bxd5 26. Bxd5+ Kf8 27. Bg7+ Ke7 28. Qe5+ Kd7 29.
Qd4 Kc8 30. Qc5+ Kb8 31. Qd6+ Ka7 32. Qc7# 1-0

[Event "Live Chess"]
[Site "Chess.com"]
[Date "2024.06.01"]
[Round "-"]
[White "akp42"]
[Black "halfberg"]
[Result "1-0"]
[WhiteElo "1994"]
[BlackElo "1903"]
[TimeControl "300"]
[EndTime "9:25:10 PDT"]
[Termination "akp42 won by resignation"]

1. e4 c5 2. Nf3 Nc6 3. Bb5 Nd4 4. Nxd4 cxd4 5. O-O a6 6. Bd3 g6 7. c3 dxc3 8. bxc3 Bg7 9. a4 d6 10. a5 Nf6 11. Na3 O-O 12. Nc4 Be6 13. Nb6 Nd7 14.
Nxa8 Qxa8 15. Qe2 Nc5 16. Bc4 Bd7 17. Rb1 Bc6 18. Bd5 Bb5 19. c4 Bc6 20. Bb2 e5 21.
Rfd1 Qd8 22. d4 exd4 23. Bxd4 Qxa5 24. Bxg7 Kxg7 25. Bxc6 bxc6 26. Rxd6 Re8 27. f3 Nxe4 28. Qb2+ Kg8 29. fxe4 Qc5+ 30. Qd4 1-0

[Event "Live Chess"]
[Site "Chess.com"]
[Date "2024.06.01"]
[Round "-"]
[White "Tushinskiy"]
[Black "Colm_Buckley"]
[Result "1-0"]
[WhiteElo "2218"]
[BlackElo "1815"]
[TimeControl "300"]
[EndTime "9:25:31 PDT"]
[Termination "Tushinskiy won on time"]

1. d4 e6 2. c3 Nf6 3. Nf3 c5 4.
Bf4 Qb6 5. Qc1 cxd4 6. cxd4 Nc6 7. e3 Bb4+ 8. Nbd2 O-O 9. Bd3 Qa5 10. O-O Bxd2 11.
Nxd2 b6 12. a3 Bb7 13. Nc4 Qh5 14. Nd6 Bc8 15. b4 Nd5 16. Bg3 f5 17. Qd2 Nd8 18.
Rac1 Nf7 19. Nxf7 Qxf7 20. Be2 Bb7 21. Bf3 Rac8 22. Bd6 Rfe8 23. h3 Bc6 24. Rc2 Ne7 25. Bxe7 Qxe7 26. Rfc1 e5 27. Bxc6 dxc6 28. Rxc6 Rxc6 29.
Rxc6 exd4 30. Qxd4 Rd8 31. Qc4+ Kf8 32. Rc8 g6 33. g3 Kg7 34. Rc7 Rd7 35. Rxd7 Qxd7 36. Kg2 Qb7+ 37. f3 b5 38. Qd4+ Kf7 39. e4 fxe4 40.
fxe4 Qc7 41. Qd5+ Kg7 42. Qxb5 Qc2+ 43. Kf3 Qb3+ 44. Kf4 Qxa3 45. Qe5+ Kf7 46. Qc7+ Ke6 47. Qxh7 Qc1+ 48. Kg4 Qd1+ 49. Kh4 Kf6 50. Qh6 1-0